 Dungeon Crawl Stone Soup version 0.21.1-1-g345015f (webtiles) character file.

14541 kae the Geomancer (level 12, -21/76 HPs)
             Began as a Gargoyle Earth Elementalist on June 1, 2018.
             Was a High Priest of Vehumet.
             Shot with an arrow by Nessos (24 damage)
             ... on level 12 of the Dungeon.
             The game lasted 00:16:43 (16965 turns).

kae the Geomancer (Gargoyle Earth Elementalist)    Turns: 16965, Time: 00:16:44

Health: -21/76     AC: 15    Str: 16    XL:     12   Next: 17%
Magic:  16/24      EV: 15    Int: 19    God:    Vehumet [*****.]
Gold:   1631       SH:  0    Dex: 12    Spells: 18/27 levels left

rFire    . . .     SeeInvis .   a - +1 dire flail (protect)
rCold    . . .     Gourm    .   (shield currently unavailable)
rNeg     + . .     Faith    .   c - +1 robe
rPois    ∞         Spirit   .   D - +1 hat
rElec    +         Reflect  .   m - +2 cloak
rCorr    .         Harm     .   (no gloves)
MR       .....                  (no boots)
Stlth    ++........             (no amulet)
HPRegen  0.22/turn              g - +2 ring of dexterity
MPRegen  0.19/turn              y - +1 ring of slaying

@: flying
A: big wings, negative energy resistance 1, electricity resistance, strong 1,
wild magic 1, unbreathing, petrification resistance, rot immunity, AC +8
a: Stop Flying, Renounce Religion


You were on level 12 of the Dungeon.
You worshipped Vehumet.
Vehumet was extremely pleased with you.
You were not hungry.

You visited 2 branches of the dungeon, and saw 13 of its levels.
You also visited: Ossuary and Bailey.

You collected 1631 gold pieces.

Inventory:

Hand Weapons
 a - a +1 dire flail of protection (weapon)
 b - the +1 hand axe of Taxation {chop, rElec Dex+3}
   (You found it on level 11 of the Dungeon)

   It inflicts extra damage upon your enemies.
   It affects your dexterity (+3).
   It insulates you from electricity.
 t - a +0 club
Missiles
 J - 64 stones (quivered)
Armour
 c - a +1 robe (worn)
 m - a +2 cloak (worn)
 D - a +1 hat (worn)
Jewellery
 g - a +2 ring of dexterity (left hand)
 n - an uncursed ring of stealth {unknown}
 y - a +1 ring of slaying (right hand)
 F - a +3 ring of dexterity
 K - a cursed -4 ring of protection {unknown}
Wands
 o - a wand of polymorph (19)
 r - a wand of iceblast (10)
 E - a wand of enslavement (17)
Scrolls
 f - 10 scrolls of teleportation
 j - 12 scrolls of identify
 k - 8 scrolls of remove curse
 q - a scroll of amnesia
 u - 3 scrolls of enchant weapon
 B - a scroll of enchant armour
 C - a scroll of fear
 H - 3 scrolls of magic mapping
Potions
 h - a potion of haste
 i - 6 potions of curing
 l - 2 potions of brilliance
 p - 3 potions of magic
 s - 2 potions of heal wounds
 v - a potion of agility
 w - a potion of might
 x - a potion of invisibility
 z - 3 potions of lignification
 A - a potion of cancellation
 G - a potion of berserk rage {unknown}
Books
 e - a book of Geomancy

   Spells                             Type                      Level
   a - Sandblast                      Earth                        1
   b - Passwall                       Transmutation/Earth          2
   c - Stone Arrow                    Conjuration/Earth            3
   d - Petrify                        Transmutation/Earth          4
   e - Lee's Rapid Deconstruction     Earth                        5
 I - a book of Conjurations

   Spells                             Type                      Level
   a - Magic Dart                     Conjuration                  1
   b - Searing Ray                    Conjuration                  2
   c - Dazzling Spray                 Conjuration/Hexes            3
   d - Fulminant Prism                Conjuration/Hexes            4
   e - Force Lance                    Conjuration/Translocation    4
   f - Iskenderun's Mystic Blast      Conjuration                  4
Comestibles
 d - 16 rations


   Skills:
 + Level 9.2 Fighting
 + Level 2.8 Maces & Flails
 + Level 6.7 Dodging
 - Level 2.1 Stealth
 + Level 8.4 Spellcasting
 + Level 3.0 Conjurations
   Level 0.7 Transmutations
 + Level 14.3 Earth Magic


You had 18 spell levels left.
You knew the following spells:

 Your Spells              Type           Power        Failure   Level  Hunger
a - Sandblast             Erth           ######       1%          1    None
b - Stone Arrow           Conj/Erth      ######       1%          3    None
c - Lee's Rapid Deconstr  Erth           ######....   1%          5    #####..


Dungeon Overview and Level Annotations

Branches:
Dungeon (12/15)            Temple (1/1) D:4            Lair (0/6) D:11
    Orc (0/2) D:10

Altars:
Ashenzari
Cheibriados
Dithmenos
Elyvilon
Fedhas
Gozag
Hepliaklqana
Kikubaaqudgha
Makhleb
Nemelex Xobeh
Okawaru
Qazlal
Ru
Sif Muna
Trog
Uskayaw
Vehumet
Wu Jian
Xom
Yredelemnul
Zin
The Shining One

Shops:
D:7 %   D:11 *

Annotations:
D:4 Edmund
D:10 kae's ghost, journeyman HOFi
D:12 Frances; Nessos


Innate Abilities, Weirdness & Mutations

You are resistant to torment.
Your stone body is resilient. (AC +8)
You are immune to poison.
You resist negative energy. (rN+)
You are resistant to electric shocks. (rElec)
You can survive without breathing.
You are immune to petrification.
You are immune to rotting.
Your large and strong wings let you fly indefinitely.
Your muscles are strong. (Str +2)
Your spells are a little harder to cast, but a little more powerful.


Message History

You see here an arrow.
You start resting.
Nessos shoots an arrow.
The arrow hits you! The arrow burns you.
You hear a croak.
Nessos shoots an arrow.
The arrow hits you! The arrow burns you.
Nessos shoots an arrow.
The arrow hits you!!
* * * LOW HITPOINT WARNING * * *
The arrow burns you.
* * * LOW HITPOINT WARNING * * *
You see here 3 arrows.
Casting: Stone Arrow
Confirm with . or Enter, or press ? or * to list all spells.
Aiming: Sandblast
Press: ? - help, Shift-Dir - straight line, f/p - Nessos
Aim: Nessos, wielding a longbow of flaming and wearing a centaur barding (lightly wounded, fast)
The blast of sand hits Nessos.
Nessos is lightly wounded.
J - 64 stones Nessos shoots an arrow.
The arrow hits you!!
You die...

.## ..## ...## . ....##
#.. .#...## ### ....
####..## ##.## ##.....
##
##..#####...####†c..§..
.## #...........((.#
..####..........@###
...###..######.(## #.
....##### ##.# #..
....# #.# #.. ...## #.#
#.# #### #.####.#
###..##..#
######.......#
##...%..###...#


You could see Nessos.

Vanquished Creatures
  Gastronok (D:8)
  3 two-headed ogres
  2 ugly things
  2 cyclopes
  A centaur skeleton (D:11)
  Psyche (D:8)
  2 trolls
  5 slime creatures (D:12)
  6 yaks (D:12)
  A hungry ghost (D:10)
  An ice beast (D:6)
  5 sky beasts
  8 orc warriors
  A black bear (D:11)
  5 phantoms
  7 ogres
  A centaur (D:10)
  2 crocodiles
  9 bullfrogs
  3 scorpions
  A troll zombie (D:10)
  A water moccasin skeleton (D:11)
  9 killer bees
  9 wights
  2 howler monkeys
  4 centaur zombies (Ossuary)
  3 crimson imps
  7 hounds
  2 jellies
  4 bullfrog zombies
  3 bullfrog skeletons
  9 orc priests
  5 orc wizards
  Ijyb (D:3)
  Natasha (thrice) (D:4)
  3 iguanas
  10 worker ants
  2 killer bee zombies (Ossuary)
  5 ogre zombies (D:10)
  2 hound zombies
  3 hound skeletons
  18 mummies (Ossuary)
  2 worker ant zombies (Ossuary)
  Robin (D:3)
  A howler monkey skeleton (D:7)
  6 gnolls
  13 adders
  4 shadow imps
  An ooze (D:4)
  An adder zombie (Ossuary)
  4 worms
  2 dart slugs (D:1)
  6 leopard geckos
  34 orcs
  3 ball pythons
  6 bats
  5 giant cockroaches
  20 hobgoblins
  16 jackals
  5 quokkas
  4 frilled lizards
  A giant cockroach zombie (Ossuary)
  16 goblins
  A goblin skeleton (D:10)
  2 goblin zombies (D:10)
  2 hobgoblin skeletons (D:10)
  3 hobgoblin zombies (D:10)
  25 kobolds
  A leopard gecko zombie (D:7)
  11 orc zombies (D:10)
  2 quokka zombies (Ossuary)
  8 rats
378 creatures vanquished.

Vanquished Creatures (others)
  A withered plant (Ossuary)
1 creature vanquished.

Grand Total: 379 creatures vanquished

Notes
Turn   | Place    | Note
-------+----------+-------------------------------------------
     0 | D:1      | kae the Gargoyle Earth Elementalist began the quest for the Orb.
     0 | D:1      | Reached XP level 1. HP: 10/10 MP: 3/3
   378 | D:1      | Reached skill level 4 in Earth Magic
   460 | D:1      | Reached XP level 2. HP: 4/15 MP: 0/5
  1343 | D:1      | Reached XP level 3. HP: 19/19 MP: 1/6
  1981 | D:2      | Reached skill level 5 in Earth Magic
  2045 | D:2      | Reached XP level 4. HP: 19/24 MP: 0/8
  2212 | D:2      | Found a bloodstained altar of Trog.
  2993 | D:3      | Learned a level 3 spell: Stone Arrow
  3129 | D:3      | Noticed a sky beast
  3137 | D:3      | Killed a sky beast
  3137 | D:3      | Reached skill level 1 in Fighting
  3137 | D:3      | Reached skill level 6 in Earth Magic
  3137 | D:3      | Reached XP level 5. HP: 29/29 MP: 2/9
  3343 | D:3      | Reached XP level 6. HP: 21/35 MP: 5/11
  3686 | D:3      | Found a faded altar of an unknown god.
  3710 | D:3      | Noticed Ijyb
  3777 | D:3      | Killed Ijyb
  3834 | D:3      | Reached skill level 7 in Earth Magic
  4159 | D:3      | Noticed Robin
  4176 | D:3      | Found a sacrificial altar of Ru.
  4441 | D:3      | Killed Robin
  4441 | D:3      | Reached XP level 7. HP: 40/40 MP: 9/12
  4948 | D:4      | Noticed Natasha
  4954 | D:4      | Killed Natasha
  5044 | D:4      | Noticed Natasha
  5059 | D:4      | Killed Natasha
  5109 | D:4      | Noticed Natasha
  5112 | D:4      | Killed Natasha
  5191 | D:4      | Reached skill level 8 in Earth Magic
  5415 | D:4      | Found a radiant altar of Vehumet.
  5443 | D:4      | Noticed Edmund
  5653 | D:4      | Reached XP level 8. HP: 48/48 MP: 12/14
  5856 | D:4      | Found a staircase to the Ecumenical Temple.
  6072 | Temple   | Entered the Ecumenical Temple
  6256 | D:4      | Became a worshipper of Vehumet
  6378 | D:5      | Entered Level 5 of the Dungeon
  6425 | D:5      | Reached skill level 9 in Earth Magic
  6432 | D:5      | Found a sand-covered staircase.
  6496 | Ossuary  | Entered an ossuary
  6534 | Ossuary  | Gained mutation: Your spells are a little harder to cast, but a little more powerful. [potion of mutation]
  6534 | Ossuary  | Gained mutation: Your large and strong wings let you fly indefinitely. [potion of mutation]
  6534 | Ossuary  | Gained mutation: Your muscles are strong. (Str +2) [potion of mutation]
  6638 | Ossuary  | Reached skill level 5 in Spellcasting
  6821 | Ossuary  | Reached * piety under Vehumet
  6821 | Ossuary  | Offered knowledge of Shock by Vehumet.
  7205 | Ossuary  | Reached skill level 10 in Earth Magic
  7205 | Ossuary  | Reached XP level 9. HP: 50/53 MP: 6/16
  7356 | D:5      | Reached skill level 5 in Fighting
  7550 | D:5      | Found an ornate altar of the Wu Jian Council.
  7819 | D:5      | Found a white marble altar of Elyvilon.
  8817 | D:6      | Reached ** piety under Vehumet
  8820 | D:6      | Offered knowledge of Searing Ray by Vehumet.
  8827 | D:6      | Reached skill level 11 in Earth Magic
  9159 | D:7      | Found a basalt altar of Yredelemnul.
  9370 | D:7      | Found Jeakk's Food Shop.
  9775 | D:7      | Reached XP level 10. HP: 61/61 MP: 10/19
 10117 | D:7      | Learned a level 5 spell: Lee's Rapid Deconstruction
 10428 | D:8      | Noticed Psyche
 10435 | D:8      | Killed Psyche
 10437 | D:8      | Noticed Gastronok
 10783 | D:8      | Noticed a two-headed ogre
 10790 | D:8      | Killed a two-headed ogre
 10790 | D:8      | Reached skill level 12 in Earth Magic
 11225 | D:8      | Killed Gastronok
 11225 | D:8      | Offered knowledge of Static Discharge by Vehumet.
 11225 | D:8      | Reached skill level 5 in Dodging
 11566 | D:9      | Found a shimmering altar of Xom.
 11566 | D:9      | Found a shimmering altar of Xom.
 11566 | D:9      | Found a shimmering altar of Xom.
 11566 | D:9      | Found a shimmering altar of Xom.
 11566 | D:9      | Found a shimmering altar of Xom.
 11567 | D:9      | Found a shimmering altar of Xom.
 11567 | D:9      | Found a shimmering altar of Xom.
 11609 | D:9      | Reached skill level 13 in Earth Magic
 11611 | D:9      | Reached XP level 11. HP: 64/68 MP: 11/21
 12164 | D:9      | Found a shimmering altar of Xom.
 12429 | D:9      | Noticed a glowing orange brain
 12429 | D:9      | Noticed a shock serpent
 12429 | D:9      | a glowing orange brain changed into a shock serpent
 12431 | D:9      | Noticed a catoblepas
 12483 | D:10     | Entered Level 10 of the Dungeon
 12510 | D:10     | Reached *** piety under Vehumet
 12810 | D:10     | Noticed a two-headed ogre
 12820 | D:10     | Killed a two-headed ogre
 13039 | D:10     | Offered knowledge of Ignite Poison by Vehumet.
 13086 | D:10     | Found a staircase to the Orcish Mines.
 13357 | D:10     | Reached **** piety under Vehumet
 13590 | D:10     | Offered knowledge of Bolt of Draining by Vehumet.
 13682 | D:10     | Noticed kae's ghost (journeyman HOFi)
 14258 | D:11     | Noticed a cyclops
 14265 | D:11     | Noticed a white ugly thing
 14548 | D:11     | Found a flagged portal.
 14559 | D:11     | Got a translucent hand axe
 14562 | Bailey   | Entered a bailey
 14563 | Bailey   | Identified the +1 hand axe of Taxation {chop, rElec Dex+3} (You found it on level 11 of the Dungeon)
 15172 | D:11     | Found Poetis's General Store.
 15203 | D:11     | Found a glowing golden altar of the Shining One.
 15235 | D:11     | Found a staircase to the Lair.
 15243 | D:11     | Reached skill level 14 in Earth Magic
 15587 | D:11     | Killed a cyclops
 15762 | D:11     | Killed a white ugly thing
 15762 | D:11     | Reached skill level 1 in Maces & Flails
 15762 | D:11     | Reached skill level 1 in Conjurations
 15849 | D:12     | Noticed Frances
 16179 | D:12     | Noticed a cyclops
 16185 | D:12     | Killed a cyclops
 16253 | D:12     | Noticed a five-headed hydra
 16255 | D:12     | Noticed a green ugly thing
 16601 | D:12     | Reached XP level 12. HP: 61/76 MP: 2/24
 16825 | D:12     | Noticed a two-headed ogre
 16830 | D:12     | Killed a two-headed ogre
 16830 | D:12     | Reached ***** piety under Vehumet
 16898 | D:12     | Offered knowledge of Fireball by Vehumet.
 16954 | D:12     | Noticed Nessos
 16964 | D:12     | HP: 3/76 [Nessos/arrow (3)]
 16965 | D:12     | Shot with an arrow by Nessos

Skill      XL: |  1  2  3  4  5  6  7  8  9 10 11 12 |
---------------+-------------------------------------+-----
Earth Magic    | 4 5 6 7 8 10 11 13 14 | 14.3
Spellcasting   | 3 4 5 6 7 8 |  8.4
Fighting       | 1 2 3 4 6 7 9 |  9.2
Dodging        | 2 3 4 5 6 |  6.7
Maces & Flails | 2 |  2.8
Conjurations   | 2 3 |  3.0
Stealth        | |  2.1
Transmutations | |  0.7

Action                   |  1- 3 |  4- 6 |  7- 9 | 10-12 || total
-------------------------+-------+-------+-------+-------++-------
Melee: Unarmed           |   121 |   209 |     4 |       ||   334
       Club              |       |       |   153 |    46 ||   199
       Dire flail        |       |       |       |   194 ||   194
       Hand axe          |       |       |       |    14 ||    14
 Cast: Sandblast         |    44 |    98 |   165 |   100 ||   407
       Stone Arrow       |       |    15 |    98 |   166 ||   279
       Lee's Rapid Decon |       |       |       |     5 ||     5
 Abil: Fly               |       |       |     1 |       ||     1
  Use: Scroll            |     5 |     1 |    12 |     5 ||    23
       Potion            |       |       |     8 |       ||     8
 Stab: Sleeping          |     1 |       |     3 |     6 ||    10
       Invisible         |       |       |     1 |       ||     1
  Eat: Chunk             |     4 |    10 |    16 |    16 ||    46
       Ration            |       |       |     2 |     3 ||     5
Armor: Robe              |    82 |   107 |   114 |   208 ||   511
Dodge: Dodged            |   124 |   186 |   204 |   413 ||   927
